 Dungeon Crawl Stone Soup version 0.28.0-53-g5a82cb258f (webtiles) character file.

Game seed: 10483965807877353778

22696 Zeld the Transmogrifier (level 12, -6/105 HPs)
             Began as a Grey Draconian Transmuter on May 21, 2022.
             Was an Initiate of Gozag.
             Killed from afar by a deep elf pyromancer (16 damage)
             ... with a bolt of fire
             ... while petrified by a basilisk
             ... on level 12 of the Dungeon.
             The game lasted 00:18:22 (23765 turns).

Zeld the Transmogrifier (DrTm)                     Turns: 23765, Time: 00:18:22

Health: -6/105     AC: 12    Str: 17    XL:     12   Next: 65%
Magic:  27/27      EV:  2    Int: 14    God:    Gozag
Gold:   140        SH:  0    Dex: 12    Spells: 19/34 levels left

rFire   . . .      SeeInvis .     - Unarmed
rCold   . . .      Faith    .   (no shield)
rNeg    + + +      Spirit   .   (armour unavailable)
rPois   ∞          Reflect  +   (helmet restricted)
rElec   .          Harm     .   w - +0 cloak
rCorr   .          Rampage  .   c - +0 pair of gloves
Will    .....                   n - +0 pair of boots
Stlth   +.........              D - amulet of reflection
HPRegen 0.27/turn               (no ring)
MPRegen 0.20/turn               (no ring)

@: petrified, corroded, gold aura
A: AC +13, amphibious, unfitting armour, cold-blooded, antennae 1, passive
freeze, wild magic 1, MP-powered wands
a: Renounce Religion, Potion Petition, Call Merchant, Bribe Branch


You were on level 12 of the Dungeon.
You worshipped Gozag.
Gozag was aware of your devotion.
You visited 2 branches of the dungeon, and saw 13 of its levels.

You collected 3237 gold pieces.
You spent 2992 gold pieces at shops.
You paid 105 gold pieces to Gozag.

Inventory:

Armour
 c - a +0 pair of gloves (worn)
 n - a +0 pair of boots (worn)
 w - a +0 cloak (worn)
Jewellery
 D - an amulet of reflection (around neck)
Wands
 m - a wand of flame (25)
 r - a wand of charming (4)
 t - a wand of iceblast (8)
 u - a wand of digging (15)
 x - a wand of mindburst (13)
Scrolls
 a - a scroll of magic mapping
 b - a scroll of holy word
 d - a scroll of summoning
 g - 3 scrolls of fear
 h - 8 scrolls of identify
 k - 3 scrolls of enchant weapon
 l - 5 scrolls of teleportation
 o - 2 scrolls of enchant armour
 q - a scroll of amnesia
 s - a scroll of silence
 B - a scroll of brand weapon
Potions
 e - 4 potions of curing
 f - 8 potions of heal wounds
 i - 2 potions of berserk rage {unknown}
 j - 4 potions of flight
 p - 3 potions of lignification {unknown}
 v - 2 potions of resistance
 z - 3 potions of brilliance
 A - 3 potions of cancellation
 C - 2 potions of magic
 F - 5 potions of might
 G - a potion of haste
 H - 2 potions of invisibility
Miscellaneous
 y - a phantom mirror (inert)


   Skills:
 + Level 9.6 Fighting
 - Level 8.0 Dodging
 - Level 3.0 Unarmed Combat
 * Level 11.6 Spellcasting
 * Level 12.6 Transmutations
 - Level 2.0 Ice Magic
 - Level 2.0 Poison Magic


You had 19 spell levels left.
You knew the following spells:

 Your Spells              Type           Power      Damage    Failure   Level
a - Beastly Appendage     Tmut           100%       N/A       1%          1
b - Wereblood             Tmut           54%        N/A       1%          2
c - Spider Form           Tmut/Pois      37%        N/A       2%          3
d - Ice Form              Ice/Tmut       37%        N/A       7%          4
e - Blade Hands           Tmut           27%        N/A       2%          5

Your spell library contained the following spells:

 Spells                   Type           Power      Damage    Failure   Level
 Ignite Poison            Fire/Tmut/Pois 28%        N/A       6%          3
 Animate Skeleton         Necr           20%        N/A       13%         1
 Apportation              Tloc           20%        N/A       13%         1
 Summon Small Mammal      Summ           40%        N/A       13%         1
 Blink                    Tloc           20%        N/A       21%         2
 Static Discharge         Conj/Air       10%        N/A       21%         2
 Call Canine Familiar     Summ           10%        N/A       34%         3
 Conjure Flame            Conj/Fire      10%        6-21      34%         3
 Summon Guardian Golem    Hex/Summ       10%        N/A       34%         3
 Sticky Flame             Conj/Fire      10%        2d3       73%         4
 Freezing Cloud           Conj/Ice/Air   6%         6-21      92%         5
 Iron Shot                Conj/Erth      5%         9d2       100%        6
 Animate Armour           Summ/Erth      Unusable   N/A       N/A         4

Dungeon Overview and Level Annotations

Branches:
Dungeon (12/15)            Temple (1/1) D:6            Lair (0/6) D:8
    Orc (0/2) D:11

Altars:
Ashenzari
Cheibriados
Dithmenos
Elyvilon
Fedhas
Gozag
Hepliaklqana
Kikubaaqudgha
Nemelex Xobeh
Okawaru
Qazlal
Ru
Sif Muna
Trog
Uskayaw
Vehumet
Wu Jian
Xom
Yredelemnul
Zin
The Shining One

Shops:
D:1 !   D:2 !=[(*   D:4 ?   D:8 :   D:11 *

Annotations:
D:9 2 runed translucent doors, safid's ghost, novice HOFi


Innate Abilities, Weirdness & Mutations

Your dull iron-grey scales are very hard. (AC +13)
You are amphibious.
You cannot fit into any form of body armour.
You are cold-blooded and may be slowed by cold attacks.
You have a pair of small antennae on your head.
A frigid envelope surrounds you and freezes all who hurt you.
Your spells are a little harder to cast, but a little more powerful.
You expend magic power (3 MP) to strengthen your wands.


Message History

The acid dragon is very cold.
The acid dragon is almost dead.
A slime creature comes into view.
The acid dragon spits acid at you. The splash of acid hits you!!
* * * LOW HITPOINT WARNING * * *
The acid corrodes you!
A slime creature comes into view.
The deep elf pyromancer hits you but does no damage.
The deep elf pyromancer is very cold.
The deep elf pyromancer is lightly wounded.
The slime creature hits you but does no damage.
The slime creature is very cold.
The slime creature is lightly wounded.
The acid dragon bites you.
* * * LOW HITPOINT WARNING * * *
The acid dragon is very cold.
The acid dragon is almost dead.
The acid dragon claws you but does no damage.
The acid dragon is very cold.
You kill the acid dragon!
The slime creature is distracted by your dazzling golden aura.
The deep elf pyromancer hits you but does no damage.
The deep elf pyromancer is very cold.
The deep elf pyromancer is moderately wounded.
The slime creature hits you.
* * * LOW HITPOINT WARNING * * *
The slime creature is very cold.
The slime creature is lightly wounded.
The centaur warrior shoots an arrow.
The arrow hits you!!
* * * LOW HITPOINT WARNING * * *
A deep elf pyromancer comes into view. It is wielding a +0 long sword.
Two slime creatures merge to form a large slime creature.
The slime creature is no longer distracted by gold.
The centaur warrior shoots an arrow.
The arrow hits you!
* * * LOW HITPOINT WARNING * * *
The deep elf pyromancer points at you and mumbles some strange words.
The bolt of fire hits you!!
You die...
Your body crumbles into a pile of gold.

##.#.#...#.......
#.#.#.##..#.J....
#..#.#.##..#.....
#..J#.#.##..#....
#....#.#.##..#...
#.....#.#.##..#.
#J.#.Jc#.#.##..
#..##.J.#.#.#
#..###e@$#.#. #
#...l....e#. .
#..#...#...# .
#..##..##...#
#..###.# #...#
#l.. .... ....#
#........ ....
####### ####


You could see a large slime creature, 2 slime creatures, a centaur warrior, 2
deep elf pyromancers and a basilisk.

Vanquished Creatures
  3 boulder beetles
  4 hydras
  An ogre mage (D:12)
  3 two-headed ogres
  Sonja (D:11)
  A shadow wraith (D:12)
  Pikel (D:8)
  2 manticores
  A cyclops (D:12)
  An ugly thing (D:12)
  Maurice (D:8)
  A gargoyle (D:11)
  An unseen horror (D:12)
  A komodo dragon (D:12)
  4 trolls
  A hornet (D:10)
  Grinder (D:5)
  3 slime creatures (D:6)
  Sigmund (D:3)
  A shadow (D:9)
  6 yaks (D:12)
  3 wraiths
  A vampire (D:11)
  4 vampire mosquitoes (D:10)
  2 steam dragons
  Edmund (D:4)
  2 wargs (D:8)
  2 acid dragons
  A water moccasin (D:11)
  A swamp drake (D:11)
  6 orc warriors
  A sky beast (D:8)
  2 ice beasts
  3 necrophages
  2 ogres (D:5)
  2 black bears
  3 centaurs
  2 lemures (D:8)
  8 kobold brigands
  3 bullfrogs
  2 wyvern zombies (D:8)
  7 scorpions
  A wyvern skeleton (D:7)
  9 killer bees
  21 wights
  A howler monkey (D:6)
  4 centaur zombies
  2 hounds
  A human zombie (D:8)
  11 orc priests
  8 jellies
  A centaur skeleton (D:6)
  A gnoll shaman (D:5)
  2 iguanas
  12 orc wizards
  Jessica (D:3)
  A scorpion zombie (D:3)
  A killer bee zombie (D:8)
  A hound zombie (D:5)
  A hound skeleton (D:4)
  2 mummies (D:8)
  2 howler monkey zombies
  Robin (D:3)
  6 adders
  16 gnolls
  A shadow imp (D:5)
  2 adder zombies (D:3)
  A worm (D:2)
  2 dart slugs
  36 orcs
  3 ball pythons
  6 bats
  8 endoplasms
  2 giant cockroaches
  14 goblins
  7 hobgoblins
  5 quokkas
  A ball python zombie (D:3)
  2 frilled lizards
  19 kobolds
  4 rats
316 creatures vanquished.

Vanquished Creatures (others)
  An orc (D:11)
  8 fungi (D:6)
  5 toadstools (D:6)
14 creatures vanquished.

Grand Total: 330 creatures vanquished

Notes
Turn   | Place    | Note
-------+----------+-------------------------------------------
     0 | D:1      | Zeld the Draconian Transmuter began the quest for the Orb.
     0 | D:1      | Reached XP level 1. HP: 16/16 MP: 3/3
   493 | D:1      | Found Merylown's Distillery.
   978 | D:1      | Reached XP level 2. HP: 23/23 MP: 3/5
  1008 | D:1      | Learned a level 2 spell: Wereblood
  1470 | D:2      | Found Kong's General Store.
  1476 | D:2      | Bought a scroll of identify for 20 gold pieces
  1476 | D:2      | Bought a scroll of identify for 20 gold pieces
  1479 | D:2      | Found a faded altar of an unknown god.
  1481 | D:2      | You fall into a shaft and drop 1 floor!
  1481 | D:3      | Noticed Jessica
  1502 | D:2      | Found Iwuer's Jewellery Emporium.
  1546 | D:2      | Found New Rym's Armour Shop.
  1866 | D:2      | Reached XP level 3. HP: 18/28 MP: 3/6
  1882 | D:2      | Learned a level 3 spell: Spider Form
  2629 | D:2      | Reached XP level 4. HP: 21/36 MP: 4/8
  2784 | D:2      | Found Sismeg's Distillery.
  2883 | D:2      | Found Enelush's Weapon Shoppe.
  3045 | D:3      | Noticed Robin
  3067 | D:3      | Reached skill level 1 in Poison Magic
  3068 | D:3      | Reached skill level 1 in Ice Magic
  3085 | D:3      | Killed Robin
  3203 | D:3      | Killed Jessica
  3204 | D:3      | Reached skill level 3 in Transmutations
  3237 | D:3      | Reached XP level 5. HP: 41/41 MP: 9/9
  3257 | D:3      | Found a glowing golden altar of the Shining One.
  3279 | D:3      | Learned a level 4 spell: Ice Form
  3380 | D:3      | Gained mutation: You expend magic power (3 MP) to
                  | strengthen your wands. [potion of mutation]
  3380 | D:3      | Gained mutation: You have a pair of small antennae on your
                  | head. [potion of mutation]
  3380 | D:3      | Gained mutation: Your spells are a little harder to cast,
                  | but a little more powerful. [potion of mutation]
  3380 | D:3      | Gained mutation: A frigid envelope surrounds you and
                  | freezes all who hurt you. [potion of mutation]
  3893 | D:3      | Found a basalt altar of Yredelemnul.
  3893 | D:3      | Noticed Sigmund
  3916 | D:3      | Killed Sigmund
  3917 | D:3      | Reached XP level 6. HP: 43/50 MP: 8/11
  4304 | D:4      | Noticed Edmund
  4321 | D:4      | Killed Edmund
  4322 | D:4      | Reached skill level 4 in Transmutations
  4322 | D:4      | Your scales start taking on a dull iron-grey colour.
  4322 | D:4      | Reached XP level 7. HP: 23/56 MP: 9/13
  4554 | D:4      | Identified the +1 pair of gloves of Dogma {Stlth+}
  5485 | D:4      | Found Piluw's Magic Scroll Boutique.
  5488 | D:4      | Bought a scroll of enchant armour for 90 gold pieces
  5488 | D:4      | Bought a scroll of fear for 42 gold pieces
  5488 | D:4      | Bought a scroll of identify for 24 gold pieces
  5537 | D:4      | Reached skill level 5 in Transmutations
  5880 | D:5      | Entered Level 5 of the Dungeon
  6030 | D:5      | Reached skill level 5 in Spellcasting
  6030 | D:5      | Reached XP level 8. HP: 16/66 MP: 9/15
  6345 | D:5      | Noticed Grinder
  6365 | D:5      | Killed Grinder
  6525 | D:5      | Reached skill level 6 in Transmutations
  6737 | D:5      | Found a bloodstained altar of Trog.
  7534 | D:4      | Bought a scroll of identify for 24 gold pieces
  7623 | D:6      | Reached XP level 9. HP: 73/73 MP: 18/18
  7637 | D:6      | Found a radiant altar of Vehumet.
  7675 | D:6      | Reached skill level 5 in Fighting
  7675 | D:6      | Reached skill level 7 in Transmutations
  7714 | D:6      | Found a staircase to the Ecumenical Temple.
  7714 | D:6      | Noticed a seven-headed hydra
  7723 | D:6      | Killed a seven-headed hydra
  7724 | D:6      | Reached skill level 5 in Dodging
  7758 | Temple   | Entered the Ecumenical Temple
  8253 | D:6      | Reached skill level 8 in Transmutations
  8818 | D:6      | Reached XP level 10. HP: 64/83 MP: 16/21
  9034 | D:6      | Found a shimmering altar of Xom.
  9417 | Temple   | Became a worshipper of Gozag Ym Sagoz the Greedy
 10121 | D:7      | Found a snail-covered altar of Cheibriados.
 10156 | D:7      | Found a hazy altar of Hepliaklqana.
 10630 | D:8      | Noticed Maurice
 10630 | D:8      | Found a stormy altar of Qazlal.
 10630 | D:8      | Found a white marble altar of Elyvilon.
 10638 | D:8      | Killed Maurice
 10991 | D:8      | Reached skill level 9 in Transmutations
 11317 | D:8      | Noticed a manticore
 11325 | D:8      | Killed a manticore
 11488 | D:8      | Found a staircase to the Lair.
 11507 | D:8      | Noticed Pikel
 11802 | D:8      | Killed Pikel
 12050 | D:8      | Found Emaskuwn's Book Emporium.
 12057 | D:8      | Bought a book of Iron for 396 gold pieces
 12064 | D:8      | Learned a level 5 spell: Blade Hands
 12905 | D:8      | Found an ancient bone altar of Kikubaaqudgha.
 13206 | D:1      | Bought a potion of brilliance for 48 gold pieces
 13206 | D:1      | Bought a potion of cancellation for 96 gold pieces
 13604 | D:9      | Got Sif Muna's Reference Book on the Birds and Dislocation
 13765 | D:9      | Reached skill level 10 in Transmutations
 13765 | D:9      | Reached XP level 11. HP: 92/92 MP: 19/24
 14034 | D:9      | Found a broken altar of Ashenzari.
 14380 | D:9      | Found a large runed translucent door.
 14380 | D:9      | Found a large runed translucent door.
 14383 | D:9      | Noticed safid's ghost (novice HOFi)
 15240 | D:10     | Entered Level 10 of the Dungeon
 16945 | D:11     | Noticed a boulder beetle
 16967 | D:11     | Killed a boulder beetle
 16968 | D:11     | Reached skill level 10 in Spellcasting
 17700 | D:11     | Noticed a five-headed hydra
 17913 | D:11     | Killed a five-headed hydra
 17914 | D:11     | Reached skill level 11 in Transmutations
 18143 | D:11     | Noticed Sonja
 18154 | D:11     | Killed Sonja
 18567 | D:11     | Noticed a two-headed ogre
 18573 | D:11     | Killed a two-headed ogre
 18901 | D:4      | Bought a scroll of acquirement for 624 gold pieces
 18902 | D:4      | Acquired 493 gold pieces
 18908 | D:4      | Bought 3 scrolls of identify for 72 gold pieces
 18908 | D:4      | Bought a scroll of teleportation for 36 gold pieces
 18908 | D:4      | Bought a scroll of teleportation for 36 gold pieces
 18957 | D:1      | Bought a potion of haste for 120 gold pieces
 18957 | D:1      | Bought a potion of heal wounds for 60 gold pieces
 18957 | D:1      | Bought a potion of curing for 36 gold pieces
 18957 | D:1      | Bought a potion of heal wounds for 60 gold pieces
 18957 | D:1      | Bought a potion of might for 48 gold pieces
 18957 | D:1      | Bought a potion of invisibility for 96 gold pieces
 19201 | D:11     | Found Axkathuo's Serpentskin Sales.
 19280 | D:11     | Found a staircase to the Orcish Mines.
 19576 | D:12     | Noticed a purple ugly thing
 19591 | D:12     | Killed a purple ugly thing
 19871 | D:12     | Reached XP level 12. HP: 103/103 MP: 16/26
 19930 | D:12     | Noticed a five-headed hydra
 19943 | D:12     | Killed a five-headed hydra
 20061 | D:12     | Noticed a two-headed ogre
 20074 | D:11     | Killed a two-headed ogre
 20690 | D:12     | Noticed a boulder beetle
 20691 | D:12     | Noticed an ogre mage
 20691 | D:12     | Paralysed by an ogre mage for 3 turns
 20694 | D:12     | Noticed a six-headed hydra
 20710 | D:12     | Killed an ogre mage
 21171 | D:11     | Found a staircase to the Orcish Mines.
 21368 | D:11     | Killed a six-headed hydra
 21369 | D:11     | Reached skill level 12 in Transmutations
 21562 | D:11     | Found Axkathuo's Serpentskin Sales.
 21971 | D:12     | Killed a boulder beetle
 22780 | D:12     | Acquired 602 gold pieces
 23018 | D:2      | Bought 2 potions of heal wounds for 140 gold pieces
 23018 | D:2      | Bought a potion of cancellation for 112 gold pieces
 23018 | D:2      | Bought a potion of brilliance for 56 gold pieces
 23018 | D:2      | Bought a potion of resistance for 140 gold pieces
 23018 | D:2      | Bought 2 potions of flight for 84 gold pieces
 23018 | D:2      | Bought a potion of might for 56 gold pieces
 23018 | D:2      | Bought 2 potions of magic for 224 gold pieces
 23018 | D:2      | Bought a potion of invisibility for 112 gold pieces
 23042 | D:1      | Bought a potion of resistance for 120 gold pieces
 23430 | D:12     | Noticed a boulder beetle
 23442 | D:12     | Killed a boulder beetle
 23512 | D:12     | Noticed a two-headed ogre
 23520 | D:12     | Killed a two-headed ogre
 23747 | D:12     | Noticed a yaktaur captain
 23753 | D:12     | Noticed a centaur warrior
 23765 | D:12     | Killed from afar by a deep elf pyromancer

Illustrated notes

Levels and vault maps discovered:
D:1:      sevenhm_arrival_forest_fort_small_5, layout_basic, serial_shops,
          nicolae_shop_hallway_stairs, hangedman_decor_growths,
          minmay_hexomino_p4
D:2:      layout_rooms, ebering_ecumenical_altar_box, serial_shops,
          nicolae_shop_hallway_plus, nicolae_shop_advertising_works
          [nicolae_subvault_shop_adworks],
          nicolae_shop_temple_entry_statues_fountains, shop, shop_fountains,
          minmay_diced_spiral
D:3:      layout_basic, nicolae_overflow_crystal_walls,
          nicolae_yredelemnul_corpse_copse, serial_park_tiny_2, uniq_jessica,
          uniq_robin, uniq_sigmund
D:4:      layout_loops_ring, serial_shops, nicolae_shop_behind_doors,
          kennysheep_generic_room_4, uniq_edmund
D:5:      layout_basic, mainiacjoe_overflow_small_starburst, uniq_grinder
D:6:      cheibrodos_fertilizer, layout_rooms, nicolae_vehumet_altar_sigil,
          mainiacjoe_overflow_catwalk, minmay_temple_entry_glassed_door
D:7:      layout_rooms, worldfamousw_hep_ancestral_shrine, pf_just_have_faith
D:8:      layout_loops_ring, lemuel_mausoleum_altar_kikubaaqudgha,
          chequers_temple_overflow_statue_of_worship, erik_lair_orcish_takeover,
          serial_shops, shop_statue, grunt_ministairs_10, uniq_pikel,
          uniq_maurice
D:9:      layout_basic, nicolae_overflow_hidden_temple,
          overflow_temple_1_default, ebering_ghost_disaster_area
D:10:     layout_layer_cave, nicolae_figureground_pulse
D:11:     layout_cave_pools, erik_orc_1, guppyfry_shop_venom, uniq_sonja
D:12:     evilmike_diamond_2, layout_basic
Temple:   eino_wide_crystal_templ

Skill      XL: |  1  2  3  4  5  6  7  8  9 10 11 12 |
---------------+-------------------------------------+-----
Dodging        | 2 3 4 5 6 7 8 |  8.0
Poison Magic   | 1 2 |  2.0
Ice Magic      | 1 2 |  2.0
Fighting       | 2 3 4 6 7 8 9 |  9.6
Spellcasting   | 3 4 5 6 7 9 10 11 | 11.6
Transmutations | 3 4 5 6 8 10 11 12 | 12.6
Unarmed Combat | |  3.0

Action                   |  1- 3 |  4- 6 |  7- 9 | 10-12 || total
-------------------------+-------+-------+-------+-------++-------
Melee: Unarmed           |    88 |   105 |   240 |   531 ||   964
       Kick              |    10 |    20 |       |       ||    30
       Headbutt          |     9 |     6 |       |       ||    15
       Tailslap          |     5 |     6 |     5 |    65 ||    81
       Punch             |     1 |     2 |     2 |    20 ||    25
 Cast: Beastly Appendage |    26 |    14 |     1 |       ||    41
       Spider Form       |     2 |     2 |    28 |       ||    32
       Wereblood         |       |     1 |       |     1 ||     2
       Ice Form          |       |     2 |    10 |    46 ||    58
       Blade Hands       |       |       |       |    47 ||    47
 Abil: End Transformatio |       |       |       |     1 ||     1
Evoke: Phantom mirror    |       |       |       |     1 ||     1
  Use: Potion            |       |     2 |       |       ||     2
       Scroll            |       |       |     9 |     6 ||    15
 Stab: Distracted        |       |       |       |     3 ||     3
Armor: Skin              |    24 |    26 |    53 |   186 ||   289
Dodge: Dodged            |    65 |    55 |   185 |   323 ||   628
Block: Other             |       |       |       |    30 ||    30
       Reflection        |       |       |       |     1 ||     1
